Map: Oxide LE

Players

Clem - Winner!

  • Race: Terran Terran

Elazer

  • Race: Zerg Zerg

Event: DreamHack SC2 Masters 2021 Winter

VOD

Have the link to the VOD?

Description

Time

  • Played on: Oct. 12, 2021, 9:17 a.m.
  • Length: 14:10

All games in this series

Show
View Real Time Build Order
Export as new Build Order

Clem Terran - Winner!

Build Orders: Liberator Opening, Reaper Expand 

Get SALT Encoding   

  12  0:00  SCV  
  13  0:12  SCV  
  14  0:16  Supply Depot  
  14  0:24  SCV  
  15  0:38  SCV  
  15  0:39  Barracks  
  16  0:42  Refinery  
  16  0:50  SCV  
  17  1:02  SCV  
  18  1:14  SCV  
  19  1:26  Reaper, Orbital Command  
  20  1:39  Command Center  
  20  1:46  Supply Depot  
  20  1:52  SCV  
  21  1:58  Marine  
  22  2:04  SCV  
  23  2:11  Factory  
  23  2:14  Refinery  
  23  2:16  SCV  
  23  2:19  Barracks Reactor  
  24  2:28  SCV  
  25  2:40  SCV  
  26  2:50  Orbital Command  
  26  2:52  SCV  
  26  2:57  Starport  
  27  3:02  Hellion  
  27  3:03  Hellion  
  27  3:04  SCV, Marine  
  33  3:12  Supply Depot  
  33  3:16  SCV x2  
  35  3:24  Hellion, Barracks Tech Lab  
  35  3:25  Hellion  
  39  3:28  SCV  
  39  3:29  SCV  
  39  3:33  Liberator  
  44  3:37  Supply Depot  
  44  3:41  SCV x2  
  46  3:47  Hellion x2  
  50  3:53  SCV x2  
  49  4:00  Stimpack  
  49  4:01  Supply Depot  
  47  4:06  SCV x2  
  47  4:08  Hellion  
  47  4:09  Hellion  
  53  4:20  SCV  
  53  4:21  Starport Reactor  
  54  4:24  Command Center  
  54  4:26  SCV  
  54  4:30  Barracks  
  55  4:35  SCV  
  55  4:37  Barracks  
  55  4:38  SCV  
  57  4:40  Factory Tech Lab  
  57  4:42  Marine  
  58  4:47  SCV  
  58  4:48  Engineering Bay x2  
  59  4:52  Supply Depot  
  59  4:53  SCV  
  59  4:57  Refinery  
  59  4:59  Marine  
  60  5:00  SCV  
  60  5:01  Refinery  
  60  5:06  SCV  
  60  5:10  Supply Depot  
  60  5:13  Siege Tank  
  63  5:16  Starport Reactor  
  63  5:17  Terran Infantry Weapons Level 1, Marine  
  63  5:18  Terran Infantry Armor Level 1  
  63  5:20  SCV  
  65  5:21  SCV  
  65  5:23  Marine  
  65  5:25  Marine x2  
  65  5:26  Marine  
  70  5:32  SCV  
  71  5:35  Orbital Command  
  71  5:38  Marine  
  71  5:40  Combat Shield  
  71  5:41  Marine  
  71  5:42  SCV  
  74  5:43  Marine  
  74  5:45  SCV  
  74  5:46  Siege Tank  
  74  5:47  Marine  
  74  5:48  Marine  
  81  5:53  Medivac  
  81  5:54  Medivac  
  81  5:55  SCV  
  86  5:58  SCV, Marine  
  86  6:01  Marine  
  86  6:02  Marine  
  86  6:03  SCV  
  89  6:07  SCV  
  89  6:09  Marine x2  
  89  6:11  SCV  
  85  6:12  Orbital Command  
  85  6:15  Barracks  
  85  6:16  Marine  
  85  6:17  Barracks  
  84  6:19  Supply Depot  
  84  6:21  Marine  
  84  6:25  SCV x2  
  87  6:27  Siege Tank  
  87  6:31  Armory  
  90  6:34  Marine x2  
  90  6:37  Marine  
  90  6:38  SCV  
  94  6:42  Marine  
  94  6:43  Marine  
  94  6:44  SCV  
  94  6:45  SCV  
  94  6:46  Supply Depot  
  98  6:50  SCV  
  98  6:52  Supply Depot  
  99  6:54  Marine  
  99  6:56  Marine  
  99  6:57  SCV  
  99  6:58  Marine  
  99  6:59  Medivac  
  99  7:00  Medivac, Marine  
  107  7:06  SCV x2  
  107  7:07  Siege Tank  
  112  7:10  Supply Depot  
  112  7:12  Marine x2  
  114  7:15  Barracks Reactor x2  
  114  7:17  Supply Depot  
  114  7:19  Factory  
  114  7:21  Refinery  
  114  7:22  SCV x3  
  116  7:23  Terran Infantry Weapons Level 2  
  116  7:27  Supply Depot, Marine x3  
  119  7:30  Marine x2  
  119  7:34  Bunker  
  119  7:37  Terran Infantry Armor Level 2  
  121  7:39  Bunker  
  121  7:42  Supply Depot  
  121  7:45  Marine x2  
  121  7:46  Siege Tank  
  121  7:47  Marine x2  
  121  7:49  Refinery  
  128  7:52  Marine x2  
  128  7:54  Bunker  
  128  7:55  Marine  
  131  8:00  Marine x2  
  131  8:02  SCV x2  
  131  8:03  Supply Depot, SCV  
  131  8:05  Factory Tech Lab  
  136  8:06  Marine x2  
  136  8:07  Marine x2  
  136  8:09  Bunker, Marine  
  136  8:10  Marine  
  142  8:13  Marine  
  142  8:18  Marine x2  
  142  8:19  Supply Depot  
  145  8:22  Medivac x2  
  145  8:23  Siege Tank  
  145  8:24  Siege Tank, Marine x2  
  145  8:27  Marine x2  
  157  8:34  Marine x3  
  158  8:35  Marine x2  
  143  8:42  Marine x2  
  143  8:44  Marine  
  143  8:45  Marine  
  137  8:50  Command Center  
  137  8:51  Medivac, Marine x2  
  137  8:52  Marine  
  137  8:53  Marine x2  
  143  8:55  Siege Tank  
  143  9:00  Marine x2  
  143  9:01  Siege Tank  
  143  9:02  Marine x2  
  147  9:05  Medivac  
  147  9:09  Marine x3  
  152  9:11  Marine  
  152  9:14  SCV  
  147  9:20  Marine x3  
  147  9:21  Marauder  
  147  9:22  Marine  
  153  9:27  Supply Depot x2, Marine  
  153  9:28  Siege Tank  
  157  9:31  Marine x2  
  157  9:34  Siege Tank, Marine  
  157  9:38  Marine x3  
  160  9:43  Terran Infantry Weapons Level 3  
  160  9:44  Marine x2  
  165  9:47  Missile Turret x2  
  165  9:48  Marine  
  165  9:49  Marine  
  165  9:50  Marine  
  168  10:01  Siege Tank, Marine x4  
  168  10:02  Marine  
  168  10:03  Marine  
  168  10:06  Marine  
  172  10:07  Marine  
  172  10:08  SCV, Marine  
  172  10:10  SCV  
  159  10:18  Marine  
  159  10:20  Missile Turret  
  147  10:28  Marine  
  147  10:29  Marauder  
  147  10:32  SCV  
  147  10:34  Orbital Command  
  145  10:36  SCV  
  145  10:39  Marine  
  143  10:46  SCV  
  142  10:51  Siege Tank, Marine  
  142  10:52  Marine x2  
  142  10:55  SCV  
  146  10:57  Missile Turret  
  146  10:58  SCV  
  142  11:04  Marine x2  
  142  11:06  SCV  
  142  11:09  Missile Turret  
  135  11:12  Siege Tank  
  135  11:15  SCV, Marine  
  135  11:17  SCV  
  140  11:23  SCV, Siege Tank  
  140  11:24  Marine  
  140  11:25  SCV  
  139  11:27  Marine  
  139  11:29  SCV  
  139  11:32  SCV  
  125  11:35  SCV  
  125  11:36  Marine x2  
  125  11:38  Marine x2  
  118  11:41  Marine x2  
  118  11:42  SCV  
  118  11:45  Siege Tank  
  118  11:46  Planetary Fortress  
  114  11:47  SCV  
  114  11:48  Marine x2  
  114  11:50  Marine  
  115  11:57  SCV  
  115  11:58  SCV  
  115  11:59  SCV  
  115  12:00  Marine x3  
  121  12:01  Siege Tank  
  121  12:03  Marine x2  
  121  12:04  Marine  
  121  12:05  Marine  
  128  12:09  Missile Turret  
  128  12:10  SCV x2  
  128  12:12  Missile Turret, SCV  
  131  12:16  Marine  
  131  12:17  Marine  
  131  12:22  SCV x2  
  133  12:23  SCV  
  133  12:24  Siege Tank  
  133  12:25  Marine  
  133  12:26  Marine  
  133  12:27  Marine x3  
  133  12:29  SCV  
  141  12:34  SCV  
  141  12:35  Siege Tank  
  141  12:36  Concussive Shells  
  143  12:37  Marauder, SCV  
  143  12:39  SCV  
  143  12:42  Barracks Tech Lab  
  146  12:47  Marine x2  
  146  12:48  SCV  
  146  12:50  Marine x2  
  150  12:54  Marine  
  150  12:56  Siege Tank  
  151  12:58  Marauder  
  151  12:59  Supply Depot  
  151  13:02  SCV x3  
  151  13:04  Marine  
  157  13:07  Siege Tank, Marine x2  
  157  13:08  Marine x2  
  157  13:10  Marauder  
  157  13:12  Marine  
  152  13:20  Marauder  
  152  13:22  Marine  
  152  13:25  Marine  
  152  13:26  SCV x3  
  157  13:31  Marauder  
  157  13:32  Command Center  
  157  13:34  SCV  
  163  13:41  Marine  
  163  13:42  Marauder  
  163  13:45  Marine x2  
  168  13:49  Marine x2  
  168  13:50  Marine  
Show
View Real Time Build Order
Export as new Build Order

Elazer Zerg 

Build Orders: Hatch First 

Get SALT Encoding   

  12  0:00  Drone  
  13  0:12  Overlord  
  13  0:16  Drone  
  14  0:30  Drone x2  
  16  0:48  Hatchery  
  15  0:51  Drone  
  15  0:55  Drone  
  17  0:58  Drone  
  18  1:09  Extractor  
  17  1:13  Spawning Pool  
  17  1:16  Drone  
  17  1:19  Drone  
  18  1:28  Drone  
  19  1:38  Drone  
  20  1:49  Drone  
  21  1:59  Queen  
  21  2:00  Queen  
  26  2:01  Zergling x4  
  27  2:11  Drone, Metabolic Boost  
  27  2:12  Overlord  
  28  2:29  Hatchery  
  27  2:31  Drone  
  27  2:32  Drone  
  27  2:40  Queen  
  29  2:44  Drone  
  29  2:45  Drone  
  29  2:47  Drone  
  32  2:52  Overlord  
  32  2:54  Drone  
  32  2:57  Drone  
  34  3:04  Drone  
  35  3:09  Overlord  
  35  3:10  Drone x2  
  35  3:11  Drone  
  38  3:14  Queen  
  40  3:21  Queen  
  40  3:24  Drone  
  43  3:28  Drone x2  
  43  3:32  Overlord  
  45  3:39  Drone  
  45  3:40  Overlord  
  46  3:44  Zergling x8  
  46  3:55  Drone x6  
  50  4:05  Drone x3  
  50  4:08  Spore Crawler  
  50  4:09  Spore Crawler  
  51  4:12  Queen  
  51  4:16  Spore Crawler x2  
  53  4:18  Spore Crawler  
  53  4:19  Drone x3  
  58  4:25  Baneling Nest  
  58  4:26  Queen  
  58  4:27  Drone x3  
  62  4:39  Drone x6  
  62  4:41  Drone  
  62  4:42  Drone x2  
  62  4:45  Spore Crawler  
  70  4:46  Spore Crawler  
  70  4:47  Spore Crawler  
  70  4:52  Overlord  
  68  4:57  Zergling x10  
  71  5:04  Overlord  
  71  5:08  Extractor  
  71  5:10  Drone x7, Extractor  
  71  5:13  Queen  
  78  5:18  Drone x3  
  78  5:20  Drone  
  82  5:24  Lair  
  82  5:26  Overlord  
  82  5:30  Drone x2  
  82  5:34  Overlord  
  84  5:36  Drone x6  
  90  5:43  Extractor  
  90  5:45  Drone x4, Evolution Chamber  
  90  5:46  Evolution Chamber  
  90  5:49  Extractor  
  90  5:51  Drone  
  90  5:54  Drone  
  90  5:56  Overlord  
  92  5:57  Extractor  
  92  5:58  Roach Warren  
  80  6:07  Drone x5  
  81  6:12  Drone  
  81  6:14  Zerg Missile Weapons Level 1, Zerg Ground Armor Level 1  
  81  6:15  Drone  
  81  6:17  Drone x3  
  86  6:21  Overlord  
  86  6:28  Drone x3  
  89  6:36  Overlord  
  89  6:39  Glial Reconstitution  
  90  6:40  Roach x4  
  96  6:49  Roach x7  
  110  6:59  Overlord  
  110  7:00  Roach x5  
  120  7:10  Roach  
  120  7:11  Hatchery, Roach x2  
  125  7:15  Overlord  
  125  7:19  Roach  
  125  7:20  Roach x3  
  133  7:31  Overlord x2  
  133  7:35  Roach x7  
  144  7:41  Overlord x2  
  144  7:52  Roach x4  
  144  7:58  Roach x3  
  158  8:02  Overlord x2  
  158  8:03  Roach x3  
  158  8:04  Roach  
  166  8:06  Roach x2  
  166  8:07  Ravager x5  
  166  8:08  Ravager  
  166  8:10  Ravager  
  177  8:23  Tunneling Claws, Burrow  
  177  8:25  Ravager  
  177  8:26  Ravager, Drone x8  
  141  8:46  Roach x10  
  143  8:53  Roach x2  
  143  8:54  Roach  
  143  9:02  Roach x5  
  149  9:06  Zerg Missile Weapons Level 2, Zerg Ground Armor Level 2  
  142  9:15  Roach x5  
  145  9:17  Queen  
  145  9:18  Extractor  
  145  9:19  Overlord, Extractor  
  145  9:22  Roach x2  
  145  9:23  Ravager  
  150  9:29  Roach x3  
  150  9:31  Hatchery  
  155  9:35  Roach x3  
  157  9:39  Roach x5  
  157  9:45  Roach x5  
  158  9:46  Roach x8  
  158  9:47  Roach x2  
  158  9:48  Roach x3  
  158  9:49  Roach x2  
  158  9:50  Roach  
  158  9:51  Overlord  
  170  9:53  Roach  
  172  10:05  Roach x4  
  180  10:14  Roach x4  
  178  10:17  Queen x2  
  170  10:24  Roach x10  
  170  10:28  Roach x4  
  175  10:34  Roach x3  
  159  10:39  Roach x2  
  158  10:44  Roach x2  
  155  10:50  Roach x2  
  155  10:54  Ravager x2  
  155  10:55  Ravager x3  
  155  10:56  Roach x2  
  155  10:57  Roach x4  
  162  11:01  Roach x2  
  162  11:02  Roach x4  
  159  11:06  Roach x11  
  159  11:11  Roach x2  
  160  11:13  Roach x2  
  156  11:24  Roach x4  
  146  11:27  Roach x2  
  125  11:33  Roach x6  
  125  11:43  Roach x3  
  115  11:47  Roach  
  115  11:48  Roach  
  115  11:53  Queen  
  121  11:54  Roach  
  121  11:58  Roach x3  
  121  11:59  Extractor x2  
  121  12:02  Roach x3  
  121  12:03  Roach x3  
  121  12:07  Ravager x2  
  129  12:08  Hatchery  
  129  12:11  Ravager x2  
  130  12:19  Roach x4  
  138  12:26  Roach x4  
  138  12:29  Queen  
  141  12:36  Drone x5  
  146  12:40  Infestation Pit, Hydralisk Den  
  146  12:44  Roach x11  
  144  12:56  Roach x11  
  160  13:09  Roach x3  
  142  13:18  Roach x3  
  142  13:26  Drone x3  
  145  13:32  Roach x2  
  136  13:34  Roach x18  
  136  13:36  Roach  
  136  13:37  Roach  
  136  13:42  Ravager x2  
  136  13:43  Ravager  
  136  13:44  Roach x2  
  143  13:49  Roach x2  
  143  13:51  Ravager x3  

Tags
 
Add a new tag
Caveats
  • Supply blocks, unpowered buildings, or Contaminate may cause inaccurate times.
  • Supply counts are checked every 10 seconds.